 Dungeon Crawl Stone Soup version 0.17-a0-1718-g72dbe4d (webtiles) character file.

19733 kae the Carver (level 12, -3/106 HPs)
             Began as a Minotaur Fighter on Aug 26, 2015.
             Was a High Priest of Qazlal.
             Slain by a death yak (20 damage)
             ... on level 2 of the Lair of Beasts.
             The game lasted 00:19:24 (14648 turns).

kae the Carver (Minotaur Fighter)                  Turns: 14648, Time: 00:19:24

Health: -3/106     AC: 20    Str: 23    XL:     12   Next: 39%
Magic:  19/20      EV: 10    Int:  7    God:    Qazlal [*****.]
Gold:   488        SH:  6    Dex: 11    Spells: 0 memorised, 11 levels left

rFire  . . .     SeeInvis +     y - +2 triple sword (slice)
rCold  . . .     Clarity  .     b - +0 scale mail
rNeg   . . .     SustAt   +     (no shield)
rPois  .         Gourm    .     m - +1 hat {SInv}
rElec  .         Spirit   .     (no cloak)
rCorr  .         Warding  .     (no gloves)
rMut   .         Stasis   .     w - +2 pair of boots
MR     .....                    q - amulet of rage
Stlth  ..........               s - ring of sustain attributes
                                t - +4 ring of protection

@: protected from physical damage, repel missiles, not resistant to hostile
enchantments, extremely unstealthy
A: retaliatory headbutt, horns 2
a: Upheaval, Elemental Force, Disaster Area, Renounce Religion, Evoke Berserk
Rage


You were on level 2 of the Lair of Beasts.
You worshipped Qazlal.
Qazlal was extremely pleased with you.
You were very hungry.

You visited 3 branches of the dungeon, and saw 14 of its levels.

You collected 548 gold pieces.
You spent 60 gold pieces at shops.

Inventory:

Hand weapons
 a - a +1 long sword
 y - a +2 triple sword of slicing (weapon)
Armour
 b - a +0 scale mail (worn)
 c - a +0 shield
 m - a +1 hat of see invisible (worn)
 w - a +2 pair of boots (worn)
Jewellery
 n - a +4 ring of intelligence {unknown}
 q - an amulet of rage (around neck)
 s - a ring of sustain attributes (right hand)
 t - a +4 ring of protection (left hand)
 u - an uncursed amulet of resist corrosion
 E - an uncursed amulet of clarity {unknown}
 F - an uncursed ring of magical power
Magical devices
 h - a wand of hasting (2)
 j - a wand of lightning (4)
 o - a wand of slowing (10)
 x - a wand of enslavement (24)
Scrolls
 f - 7 scrolls of remove curse
 g - 2 scrolls of magic mapping
 k - 7 scrolls of identify
 l - a scroll of immolation
 z - a scroll of torment {unknown}
 A - a scroll of amnesia
 B - 5 scrolls of enchant armour
 C - a scroll of recharging
 H - 3 scrolls of noise
 L - a scroll of random uselessness {unknown}
Potions
 p - a potion of poison
 r - a potion of flight
 v - a potion of berserk rage
 D - a potion of magic {unknown}
 I - a potion of agility
Books
 d - a book of Unlife

   Spells                             Type                      Level
   a - Recall                         Summoning/Translocation      3
   b - Animate Dead                   Necromancy                   4
   c - Control Undead                 Necromancy                   4
   d - Cigotuvi's Embrace             Necromancy                   5
   e - Death Channel                  Necromancy                   6
   f - Simulacrum                     Ice/Necromancy               6
Miscellaneous
 J - a lamp of fire
Comestibles
 e - 8 bread rations
 i - 5 meat rations
 G - 2 beef jerkies


   Skills:
 - Level 10.1 Fighting
 - Level 14.5 Long Blades
 - Level 10.2 Armour
 - Level 3.6 Shields
 + Level 12.0 Invocations


You had 11 spell levels left.
You didn't know any spells.

Dungeon Overview and Level Annotations

Branches:
Dungeon (10/15)            Temple (1/1) D:4            Lair (3/8) D:10
    Orc (0/4) D:10
  Swamp: Lair:3-6    Shoals: Lair:3-6     Snake: Lair:3-6    Spider: Lair:3-6

Altars:
Ashenzari
Cheibriados
Dithmenos
Elyvilon
Fedhas
Gozag
Kikubaaqudgha
Makhleb
Nemelex Xobeh
Okawaru
Qazlal
Ru
Sif Muna
Trog
Vehumet
Xom
Yredelemnul
Zin
The Shining One

Shops:
D:4 ?


Innate Abilities, Weirdness & Mutations

You reflexively headbutt those who attack you in melee.
You have a pair of horns on your head.


Message History

You block the death yak's attack.
Unknown command.
You slash the death yak! You headbutt the death yak!
The death yak is severely wounded.
The death yak gores you!!
You feel more protected from physical attacks.
You slice the death yak!!
You kill the death yak!
Qazlal accepts your kill.
Your Invocations skill increases to level 12!
Unknown command.
You barely miss the death yak. You headbutt the death yak!
The death yak is lightly wounded.
The death yak gores you!
You hit the death yak but do no damage. You headbutt the death yak!
The death yak is moderately wounded.
The death yak gores you!!
* * * LOW HITPOINT WARNING * * *
The death yak gores you!!
You die...

##..#...## #........#
##...#...### #####
#..........# #...#
##.<.##...## ### #...#
##.##....#####P# #...#
###..)..#........#
##...####..#§#..####....##
#.#....>##@..P..## #....###
##.......Y##.....###>.....#
#....#.#t§#.....P#.§.....#
#......)..........§..§..##
##.[....(..........>..#.##
#......#P..........§§....
##.#..#.............§...#
#.....##................
#...#............P......


You could see a death yak and a crocodile.

Vanquished Creatures
  Snorg (D:10)
  Harold (D:10)
  2 hydras (Lair:1)
  Erica (D:8)
  A death yak (Lair:2)
  A queen ant (D:10)
  2 hill giants (D:10)
  An oklob plant (Lair:2)
  An ugly thing (D:8)
  A centaur zombie (D:9)
  A black mamba (Lair:2)
  2 spiny frogs
  Psyche (D:8)
  2 komodo dragons
  A troll (D:9)
  Prince Ribbit (D:8)
  A spriggan (D:7)
  2 basilisks
  11 yaks
  A hippogriff (D:8)
  2 porcupines
  6 water moccasins
  10 soldier ants (D:10)
  A necrophage (D:7)
  2 sky beasts
  A wasp (D:7)
  4 black bears
  3 orc warriors
  3 ice beasts
  2 phantoms
  5 ogres
  3 centaurs
  3 crocodiles
  A big kobold (D:7)
  10 giant frogs
  A wyvern zombie (D:9)
  The ghost of 4thArraOfDagon the Ruffian, a weakling TrCK of Xom (D:4)
  3 scorpions
  3 wights (D:8)
  3 jellies
  8 crimson imps
  A giant frog zombie (D:8)
  3 orc wizards
  2 centaur skeletons (D:10)
  3 hounds
  4 orc priests
  34 worker ants
  Jessica (D:3)
  A giant frog skeleton (D:5)
  8 iguanas
  5 sheep (Lair:1)
  3 hound skeletons
  A hound zombie (D:5)
  3 worker ant zombies
  12 adders
  38 river rats
  3 shadow imps
  2 adder zombies
  An ooze (D:5)
  2 worms (D:2)
  An adder skeleton (D:9)
  5 giant geckos
  22 orcs
  3 bats (D:1)
  2 giant cockroaches
  9 hobgoblins
  2 ball pythons
  A giant gecko zombie (D:5)
  5 giant newts
  11 goblins
  A jackal skeleton (D:4)
  11 kobolds
  6 quokkas
  3 quokka skeletons
  6 rats
  9 fungi
  7 plants
341 creatures vanquished.

Vanquished Creatures (collateral kills)
  5 yaks (Lair:2)
5 creatures vanquished.

Vanquished Creatures (others)
  A bush (Lair:2)
  4 fungi
  3 plants (D:10)
8 creatures vanquished.

Grand Total: 354 creatures vanquished

Notes
Turn   | Place    | Note
--------------------------------------------------------------
     0 | D:1      | kae the Minotaur Fighter began the quest for the Orb.
     0 | D:1      | Reached XP level 1. HP: 19/19 MP: 0/0
   186 | D:1      | Reached XP level 2. HP: 19/26 MP: 1/1
   380 | D:1      | Reached skill level 4 in Long Blades
   811 | D:2      | Reached XP level 3. HP: 31/31 MP: 2/2
   980 | D:2      | Found a snail-covered altar of Cheibriados.
  1103 | D:2      | Reached skill level 5 in Long Blades
  1120 | D:2      | Reached XP level 4. HP: 18/39 MP: 3/3
  1196 | D:2      | Found a radiant altar of Vehumet.
  1569 | D:3      | Found a shattered altar of Ashenzari.
  1591 | D:3      | Noticed Jessica
  1593 | D:3      | Killed Jessica
  1768 | D:3      | Found a bloodstained altar of Trog.
  2061 | D:3      | Reached skill level 6 in Long Blades
  2226 | D:4      | Found Mamymaiq's Magic Scroll Shop.
  2234 | D:4      | Bought a scroll of identify for 20 gold pieces
  2234 | D:4      | Bought a scroll of identify for 20 gold pieces
  2234 | D:4      | Bought a scroll of identify for 20 gold pieces
  2459 | D:4      | Reached XP level 5. HP: 45/45 MP: 4/4
  2522 | D:4      | Found a staircase to the Ecumenical Temple.
  2565 | Temple   | Entered the Ecumenical Temple
  3201 | D:4      | Noticed 4thArraOfDagon's ghost (weakling TrCK)
  3211 | D:4      | Killed 4thArraOfDagon's ghost
  3211 | D:4      | Reached skill level 7 in Long Blades
  3215 | D:4      | Found a burning altar of Makhleb.
  3278 | D:4      | Reached XP level 6. HP: 38/51 MP: 5/5
  3557 | D:5      | Entered Level 5 of the Dungeon
  3685 | D:5      | Found a stormy altar of Qazlal.
  3708 | D:5      | Reached skill level 8 in Long Blades
  3731 | D:5      | Became a worshipper of Qazlal Stormbringer
  4299 | D:5      | Reached skill level 9 in Long Blades
  4329 | D:5      | Reached XP level 7. HP: 39/57 MP: 6/6
  4446 | D:5      | Found a basalt altar of Yredelemnul.
  4865 | D:5      | Reached skill level 10 in Long Blades
  5037 | D:6      | Acquired Qazlal's first power
  5049 | D:6      | Reached skill level 11 in Long Blades
  5049 | D:6      | Reached XP level 8. HP: 32/64 MP: 7/7
  5821 | D:7      | Reached skill level 12 in Long Blades
  6310 | D:7      | Reached skill level 13 in Long Blades
  6811 | D:7      | Reached XP level 9. HP: 70/70 MP: 8/8
  7023 | D:8      | Noticed Prince Ribbit
  7030 | D:8      | Noticed a purple ugly thing
  7051 | D:8      | Killed a purple ugly thing
  7051 | D:8      | Reached skill level 14 in Long Blades
  7249 | D:8      | Acquired Qazlal's second power
  7411 | D:8      | Noticed Psyche
  7419 | D:8      | Killed Psyche
  7419 | D:8      | Reached skill level 5 in Fighting
  7419 | D:8      | Reached skill level 5 in Armour
  7546 | D:8      | Noticed Erica
  7962 | D:8      | Killed Erica
  7962 | D:8      | Reached XP level 10. HP: 10/84 MP: 9/9
  8309 | D:8      | Killed Prince Ribbit
  9278 | D:9      | Acquired Qazlal's third power
  9347 | D:9      | You fall through a shaft!
  9347 | D:10     | Entered Level 10 of the Dungeon
  9347 | D:10     | Noticed Harold
  9378 | D:10     | Killed Harold
  9590 | D:10     | Noticed a hill giant
  9609 | D:10     | Killed a hill giant
  9609 | D:10     | Reached skill level 10 in Armour
  9653 | D:10     | Noticed a hill giant
  9666 | D:10     | Killed a hill giant
  9666 | D:10     | Reached skill level 10 in Fighting
  9705 | D:10     | Noticed Snorg
  9717 | D:10     | Killed Snorg
  9717 | D:10     | Reached XP level 11. HP: 93/99 MP: 12/12
 10042 | D:10     | Reached skill level 5 in Invocations
 10047 | D:10     | Found a staircase to the Lair.
 10152 | D:10     | Noticed a queen ant
 10209 | D:10     | Killed a queen ant
 10544 | D:10     | Found a staircase to the Orcish Mines.
 10605 | D:10     | Acquired Qazlal's fourth power
 11328 | Lair:1   | Entered Level 1 of the Lair of Beasts
 11333 | Lair:1   | Identified a scroll of acquirement
 11386 | Lair:1   | Noticed a seven-headed hydra
 11389 | Lair:1   | Killed an eight-headed hydra
 12463 | Lair:1   | Noticed a five-headed hydra
 12468 | Lair:1   | Killed a seven-headed hydra
 12709 | Lair:2   | Reached skill level 10 in Invocations
 12712 | Lair:2   | Reached XP level 12. HP: 64/106 MP: 18/18
 13785 | Lair:2   | Acquired Qazlal's fifth power
 14648 | Lair:2   | Slain by a death yak

Vault maps used:
D:1:      eino_arrival_cavern_e, minmay_misc_feat_tower, minmay_box_of_dots
D:2:      fiery_altar_vehumet, cheibriados_altar_wand_db,
          hangedman_decor_points, minmay_surrounded
D:3:      lightli_temple_of_fire, ashenzari_altar_1, uniq_jessica
D:4:      lemuel_coloured_pillars_altar, minmay_temple_entry_overgrown,
          first_bread, serial_shops, shop, hangedman_minor_gate_pass
D:5:      kennysheep_mini_moat, yredelemnul_altar_generic
D:7:      serial_glass, glass_columns_c, glass_columns_c, the_bakery,
          minmay_liquid_box
D:8:      uniq_psyche, uniq_prince_ribbit1, uniq_erica
D:10:     dpeg_oklobed_lair, orc_0_dummy, zaba_antful_of_joy, uniq_snorg,
          uniq_harold
Temple:   circular_temple_12
Lair:1:   grunt_megastairs_1
Lair:2:   minmay_lair_oklob_items, beast_lair_carwin_2

Action                   |  1- 3 |  4- 6 |  7- 9 | 10-12 || total
-------------------------+-------+-------+-------+-------++-------
Melee: Long sword        |   106 |   144 |   363 |   450 ||  1063
       Triple sword      |       |       |       |   182 ||   182
Invok: Elemental Force   |       |       |       |     1 ||     1
Evoke: Wand              |       |       |       |     4 ||     4
  Use: Scroll            |       |       |    22 |     3 ||    25
       Potion            |       |       |     7 |     5 ||    12
  Eat: Chunk             |     1 |    10 |     8 |    14 ||    33
       Pizza             |       |       |     1 |     1 ||     2
       Bread ration      |       |       |     1 |       ||     1
       Royal jelly       |       |       |       |     1 ||     1
       Beef jerky        |       |       |       |     1 ||     1
